 Dungeon Crawl Stone Soup version 0.21-a0-233-g0929f2e (webtiles) character file.

48 JackS81 the Cudgeler (level 3, -5/39 HPs)
             Began as an Ogre Berserker on Sept 2, 2017.
             Was a Follower of Trog.
             Slain by a gnoll
             ... wielding a cursed +0 spear
              (10 damage)
             ... on level 2 of the Dungeon.
             The game lasted 00:03:22 (947 turns).

JackS81 the Cudgeler (Ogre Berserker)                Turns: 947, Time: 00:03:23

Health: -5/39      AC:  3    Str: 22    XL:     3   Next: 72%
Magic:  3/3        EV: 10    Int:  8    God:    Trog [*.....]
Gold:   77         SH:  0    Dex:  8    Spells: 2/2 levels left

rFire    . . .     SeeInvis .   a - +0 mace
rCold    . . .     Gourm    .   (no shield)
rNeg     . . .     Faith    .   b - +0 animal skin
rPois    .         Spirit   .   (helmet restricted)
rElec    .         Reflect  .   (no cloak)
rCorr    .         Harm     .   (gloves unavailable)
MR       .....                  (boots unavailable)
Stlth    +.........             (no amulet)
HPRegen  0.13/turn              (no ring)
MPRegen  0.08/turn              (no ring)

@: no status effects
A: unfitting armour, tough skin 1
a: Berserk, Burn Spellbooks, Renounce Religion


You were on level 2 of the Dungeon.
You worshipped Trog.
Trog was aware of your devotion.
You were not hungry.

You visited 1 branch of the dungeon, and saw 2 of its levels.

You collected 77 gold pieces.

Inventory:

Hand Weapons
 a - a +0 mace (weapon)
 j - a +0 hunting sling
 l - a +0 quarterstaff
Missiles
 f - 12 arrows
 k - 18 stones (quivered)
Armour
 b - a +0 animal skin (worn)
Scrolls
 d - 3 scrolls of teleportation {unknown}
 e - 2 scrolls of noise {unknown}
Potions
 g - a potion of curing {unknown}
 h - a potion of ambrosia {unknown}
Comestibles
 c - 2 bread rations
 i - 8 chunks of flesh


   Skills:
 - Level 4.0 Fighting
 * Level 4.1 Maces & Flails
 - Level 2.6 Dodging


You had 2 spell levels left.
You didn't know any spells.

Dungeon Overview and Level Annotations

Branches:
Dungeon (2/15)

Altars:


Innate Abilities, Weirdness & Mutations

You are too large for most types of armour.
You have tough skin. (AC +1)


Message History

A gnoll comes into view. It is wielding a whip.
A gnoll comes into view. It is wielding a halberd.
The gnoll shouts!
The gnoll hits you with a spear!
You hit the gnoll.
The gnoll is moderately wounded.
The gnoll barely misses you. The gnoll hits you with a spear!
You closely miss the gnoll.
The gnoll is moderately wounded.
The gnoll hits you with a spear.
The gnoll hits you from afar with a spear.
You barely miss the gnoll.
The gnoll is moderately wounded.
The gnoll hits you but does no damage. The gnoll closely misses you.
You barely miss the gnoll.
The gnoll is moderately wounded.
The gnoll hits you with a spear!
* * * LOW HITPOINT WARNING * * *
The gnoll hits you from afar with a spear!
You die...

#....##..........g.#..
#....#########.#####
#....# ####'######
#....# ####.......$...
#....# #.......!......
#....# #..............
##.### #.g.>..........
#..####gg............
#>...@gg..###.#######
#####...##...# #.#
#)...รท..###### .#
#.##....# .#
.#.##....##
...........###
..#.##...<...# #
#...#.#.# #....<..#


You could see 4 gnolls and a goblin.

Vanquished Creatures
  2 adders
  An ooze (D:2)
  A leopard gecko (D:1)
  5 bats
  2 hobgoblins
  A kobold (D:2)
  A quokka (D:2)
  A ball python (D:2)
  3 frilled lizards
  4 goblins
  4 rats
25 creatures vanquished.

Notes
Turn   | Place    | Note
-------+----------+-------------------------------------------
     0 | D:1      | JackS81 the Ogre Berserker began the quest for the Orb.
     0 | D:1      | Reached XP level 1. HP: 24/24 MP: 1/1
   291 | D:1      | Reached XP level 2. HP: 27/32 MP: 2/2
   539 | D:2      | Reached XP level 3. HP: 20/39 MP: 3/3
   947 | D:2      | Slain by a gnoll

Vault maps used:
D:1:      ncdulo_watergridlock
D:2:      lemuel_round_altar, uniq_natasha

Skill      XL: |  1  2  3 |
---------------+----------+-----
Maces & Flails | 3 4 |  4.1
Fighting       | |  4.0
Dodging        | |  2.6

Action                   || total
-------------------------++-------
Melee: Mace              ||    91
Armor: Animal skin       ||    37
Dodge: Dodged            ||    68

Table legend:
 A = Spawn XP
 B = Non-spawn XP
 C = Spawn XP percentage of total XP
 D = Spawn monster count
 E = Non-spawn monster count
 F = Spawn count percentage of total count
 G = Total turns spent on level
                    A         B        C        D         E        F      G
               +---------+---------+-------+---------+---------+-------+---------
         Total |      13 |      56 |  18.8 |       1 |      24 |   4.0 |   947
               +---------+---------+-------+---------+---------+-------+---------
           D:1 |      13 |      18 |  41.9 |       1 |      12 |   7.7 |   527
           D:2 |       0 |      38 |   0.0 |       0 |      12 |   0.0 |   420
               +---------+---------+-------+---------+---------+-------+---------
